 Dungeon Crawl Stone Soup version 0.17-a0-1945-gfe993df (webtiles) character file.

215586 Kusio the Shatterer (level 19, -28/214 HPs)
             Began as an Ogre Berserker on Oct 1, 2015.
             Was the Champion of Trog.
             Annihilated by a vault warden
             ... wielding a +3 great sword of holy wrath
              (33 damage)
             ... on level 1 of the Vaults.
             The game lasted 02:43:01 (34620 turns).

Kusio the Shatterer (Ogre Berserker)               Turns: 34620, Time: 02:43:03

Health: -28/214    AC: 16    Str: 31    XL:     19   Next: 3%
Magic:  0/27       EV: 16    Int:  3    God:    Trog [******]
Gold:   1697       SH:  0    Dex: 14    Spells: 0 memorised, 18 levels left

rFire  . . .     SeeInvis +     M - +4 giant spiked club of Ysadi {freeze, rPois SInv}
rCold  . . .     Clarity  .     I - +4 troll leather armour
rNeg   . . .     SustAt   .     (no shield)
rPois  +         Gourm    .     J - +0 hat {MR+}
rElec  .         Spirit   +     X - +2 cloak {+Inv}
rCorr  .         Warding  .     (gloves unavailable)
rMut   .         Stasis   .     (boots unavailable)
MR     +++..                    i - amulet of guardian spirit
Stlth  +.........               p - +3 ring of protection
                                P - ring of protection from magic

@: exhausted, very slightly contaminated, hasted and slowed, extremely resistant
to hostile enchantments, very unstealthy
A: unfitting armour, tough skin 1, evolution 1
a: Burn Spellbooks, Berserk, Trog's Hand, Brothers in Arms, Renounce Religion,
Evoke Invisibility
}: 1/15 runes: decaying


You were on level 1 of the Vaults.
You worshipped Trog.
Trog was exalted by your worship.
You were hungry.

You visited 6 branches of the dungeon, and saw 34 of its levels.
You also visited: Labyrinth, Sewer, Ossuary and Volcano.

You collected 3584 gold pieces.
You spent 1857 gold pieces at shops.

Inventory:

Hand weapons
 m - the +8 blowgun "Jellyslayer" {speed, rPois rC+ Int+2}
   (You found it on level 3 of the Elven Halls)

   Attacks with this weapon are significantly faster.
   It affects your intelligence (+2).
   It protects you from cold.
   It protects you from poison.
 C - the +5 giant club of Demonkind {crush, rElec}
   (Trog gifted it to you on level 8 of the Dungeon)

   It inflicts extra damage upon your enemies.
   It insulates you from electricity.
 M - the +4 giant spiked club of Ysadi (weapon) {freeze, rPois SInv}
   (Trog gifted it to you on level 3 of the Elven Halls)

   It has been specially enchanted to freeze those struck by it, causing extra
   injury to most foes and up to half again as much damage against particularly
   susceptible opponents.
   It can also slow down cold-blooded creatures.
   It protects you from poison.
   It lets you see invisible.
 O - the +0 dire flail of Foul Odors {venom, Int+7}
   (You took it off a deep elf annihilator on level 3 of the Elven Halls)

   It poisons the flesh of those it strikes.
   It affects your intelligence (+7).
 Y - the +10 whip of Ru {slash, rN++}
   (You found it on level 3 of the Elven Halls)

   It inflicts extra damage upon your enemies.
   It greatly protects you from negative energy.
Missiles
 D - 3 curare-tipped needles
 S - 13 large rocks (quivered)
Armour
 I - a +4 troll leather armour (worn)
 J - a +0 hat of magic resistance (worn)
 T - a +2 large shield of reflection
 X - a +2 cloak of invisibility (worn)
Jewellery
 i - an amulet of guardian spirit (around neck)
 p - a +3 ring of protection (right hand)
 P - a ring of protection from magic (left hand)
Magical devices
 a - a wand of disintegration (4)
 l - a wand of cold (6)
 w - a wand of lightning (0)
 Q - a wand of digging (5)
Scrolls
 d - 5 scrolls of fog
 g - 15 scrolls of identify
 h - 4 scrolls of fear
 j - 3 scrolls of magic mapping
 o - 3 scrolls of recharging
 s - a scroll of holy word
 B - 3 scrolls of teleportation
 F - 9 scrolls of remove curse
 G - 5 scrolls of blinking
Potions
 e - 10 potions of curing
 f - a potion of magic
 k - 8 potions of might
 r - a potion of lignification
 t - 2 potions of flight
 u - 4 potions of ambrosia
 v - a potion of haste
 A - 7 potions of agility
 H - 2 potions of cancellation
 W - 4 potions of resistance
Comestibles
 c - 15 bread rations


   Skills:
 - Level 18.8 Fighting
 - Level 24.0 Maces & Flails
 - Level 11.8 Throwing
 + Level 6.8 Armour
 - Level 11.7 Dodging
 + Level 11.6 Evocations


You had 18 spell levels left.
You didn't know any spells.

Dungeon Overview and Level Annotations

Branches:
Dungeon (14/15)            Temple (0/1) D:7            Lair (8/8) D:9
  Swamp (4/4) Lair:3        Snake (0/4) Lair:6        Slime (0/6) Lair:6
    Orc (4/4) D:9             Elf (3/3) Orc:4        Vaults (1/5) D:14

Altars:
Ashenzari
Cheibriados
Dithmenos
Elyvilon
Gozag
Makhleb
Okawaru
Qazlal
Ru
Sif Muna
Trog
Vehumet
Xom
Zin
Jiyva

Shops:
D:12 *   Orc:2 *   Orc:4 [=([:}   Elf:1 *}   Elf:2 ?   Elf:3 ::=[:

Annotations:
D:7 exclusion: ice statue
D:10 1 exclusion
Swamp:2 2 exclusions
Swamp:4 3 exclusions
Elf:3 1 exclusion


Innate Abilities, Weirdness & Mutations

You are too large for most types of armour.
You have tough skin (AC +1).
You evolve.


Message History

Read which item? (? for menu, Esc to quit)
As you read the scroll of teleportation, it crumbles to dust.
You feel strangely unstable.
The boggart casts a spell.
Drink which item? (? for menu, Esc to quit)
You feel yourself speed up.
A freezing wraith opens the door.
A vampire mosquito comes into view. x2
Your surroundings suddenly seem different.
A yaktaur comes into view.
The yaktaur shouts!
A yaktaur comes into view.
The yaktaur shouts!
A yaktaur comes into view.
The yaktaur shouts!
A boggart comes into view.
The boggart shouts!
The yaktaur wields an arbalest.
The yaktaur shoots a bolt.
The bolt hits you!
* * * LOW HITPOINT WARNING * * *
The vault warden hits you with a runed great sword!!
You die...

#......#
#..>...#
#......#
#......#
#......#
#.g.gg.#
#.p....#
#@.....#
......'......'.
..c..c#......#.
..c...########
..... .....
####


You could see a vault warden, 3 yaktaurs and 3 boggarts.

Vanquished Creatures
  Nikola (Swamp:1)
  A tentacled monstrosity (Swamp:3)
  A deep elf master archer (Elf:3)
  An acid blob (Lair:7)
  4 thorn hunters
  Kirke (Lair:8)
  Maud (D:10)
  Aizul (Swamp:1)
  A vault warden (Vaults:1)
  6 deep elf sorcerers (Elf:3)
  4 ironheart preservers (Vaults:1)
  4 deep elf demonologists (Elf:3)
  The ghost of Hanibal the Covert, a powerful KoBe of Trog (Lair:8)
  8 deep elf annihilators
  Snorg (Lair:3)
  4 deep elf death magi (Elf:3)
  6 ogre magi
  A minotaur (Lab)
  7 vault guards (D:14)
  17 hydras
  3 deep elf high priests (Elf:3)
  Harold (Lair:3)
  A ghost crab (Swamp:3)
  9 alligators
  2 centaur warriors (Vaults:1)
  20 dancing weapons
  3 catoblepae (Lair:8)
  13 death yaks
  Urug (Lair:4)
  Nergalle (Lair:3)
  An orc high priest (Elf:1)
  15 deep elf knights
  8 swamp dragons
  A spriggan druid (Swamp:2)
  3 deep trolls (Vaults:1)
  7 deep elf summoners
  4 shambling mangroves
  A lindwurm (Volcano)
  A wolf spider zombie (D:14)
  14 deep elf conjurers
  3 hill giants
  2 ironbrand convokers (Vaults:1)
  A manticore (D:8)
  2 cyclopes (Vaults:1)
  4 ugly things
  7 hornets
  3 harpies (Vaults:1)
  An oklob plant (Lair:5)
  3 elephants (Lair:7)
  3 griffons
  The ghost of Ordine the Covered, an experienced GrWz (D:6)
  3 centaur zombies
  2 vault sentinels (Vaults:1)
  11 black mambas
  2 molten gargoyles (Volcano)
  The ghost of LordVetinari the Thaumaturge, an experienced DEWz (D:7)
  2 torpor snails
  7 komodo dragons
  2 gargoyles
  17 spiny frogs
  3 fire drakes (Lair:5)
  12 deep elf priests
  3 trolls
  A merfolk (Orc:2)
  20 two-headed ogres
  2 polar bears
  Prince Ribbit (D:6)
  3 giant leeches
  11 blink frogs
  9 bog bodies
  A boulder beetle (Vaults:1)
  7 slime creatures
  3 wyverns
  A shadow (Swamp:1)
  2 redbacks (Vaults:1)
  56 yaks
  5 spriggans
  25 deep elf fighters
  A hungry ghost (D:14)
  7 hippogriffs
  A spriggan (shapeshifter) (Elf:2)
  28 deep elf magi
  2 basilisks
  Grum (D:9)
  10 fire bats (Volcano)
  2 hogs (Lair:7)
  2 mottled dragons
  21 wolves
  9 wargs
  A steam dragon (D:10)
  14 vampire mosquitoes
  3 insubstantial wisps (Swamp:2)
  2 nagas
  23 swamp worms
  2 soldier ants
  3 phantoms
  19 water moccasins
  2 ice beasts
  10 swamp drakes
  15 orc warriors
  17 porcupines
  3 black bears
  10 wasps
  9 necrophages
  3 sky beasts
  43 ogres
  11 crocodiles
  5 centaurs
  25 giant frogs
  9 big kobolds
  An earth elemental (Lab)
  A water moccasin zombie (D:8)
  A scorpion (D:9)
  6 killer bees
  18 wights
  4 crimson imps
  3 giant frog zombies
  9 hounds
  A wasp zombie (D:9)
  2 lava snakes (Volcano)
  5 jellies
  31 orc wizards
  Crazy Yiuf (D:2)
  25 orc priests
  3 centaur skeletons
  7 iguanas
  13 worker ants
  A killer bee zombie (D:9)
  6 sheep
  6 big kobold zombies (Ossuary)
  A hound skeleton (D:4)
  2 mummies
  12 adders
  10 gnolls
  46 river rats
  A shadow imp (D:5)
  3 oozes
  6 worms
  6 giant geckos
  167 orcs
  A spectral bat (Ossuary)
  5 ball pythons
  6 bats
  10 giant cockroaches
  6 gnoll zombies (Ossuary)
  8 goblins
  8 hobgoblins
  7 jackals
  35 kobolds
  6 quokkas
  3 bat simulacra (Ossuary)
  7 giant newts
  5 goblin simulacra (Ossuary)
  6 goblin zombies (Ossuary)
  4 hobgoblin zombies (Ossuary)
  2 kobold simulacra (Ossuary)
  4 kobold zombies (Ossuary)
  4 orc zombies (Ossuary)
  12 rats
  5 rat simulacra (Ossuary)
  A spectral goblin (Ossuary)
  2 spectral kobolds (Ossuary)
  3 spectral rats (Ossuary)
  A butterfly (Lair:1)
  2 fungi (Lair:8)
  4 plants
1290 creatures vanquished.

Vanquished Creatures (collateral kills)
  2 deep elf blademasters (Elf:3)
  4 hydras (Swamp:4)
  A hornet (Swamp:4)
  A swamp drake (Swamp:4)
8 creatures vanquished.

Vanquished Creatures (others)
  A deep elf knight (Elf:1)
  A deep elf mage (Elf:1)
  3 humans (Lair:8)
  4 river rats (Lair:8)
  An orc (D:4)
  A kobold (D:6)
  A quokka (D:8)
  8 fungi
  2 plants
22 creatures vanquished.

Grand Total: 1320 creatures vanquished

Notes
Turn   | Place    | Note
--------------------------------------------------------------
     0 | D:1      | Kusio the Ogre Berserker began the quest for the Orb.
     0 | D:1      | Reached XP level 1. HP: 24/24 MP: 1/1
    65 | D:1      | Reached XP level 2. HP: 25/32 MP: 2/2
   154 | D:1      | Reached skill level 5 in Maces & Flails
   701 | D:2      | Reached XP level 3. HP: 39/39 MP: 3/3
   711 | D:2      | Reached skill level 6 in Maces & Flails
   772 | D:2      | Reached XP level 4. HP: 27/48 MP: 4/4
   878 | D:2      | Noticed Crazy Yiuf
   886 | D:2      | Killed Crazy Yiuf
   987 | D:2      | Acquired Trog's second power
   987 | D:2      | Reached skill level 7 in Maces & Flails
  1184 | D:2      | Reached XP level 5. HP: 54/54 MP: 5/5
  1639 | D:3      | Reached skill level 8 in Maces & Flails
  1865 | D:3      | Found a bloodstained altar of Trog.
  1933 | D:3      | Reached XP level 6. HP: 62/62 MP: 6/6
  2041 | D:3      | Found a burning altar of Makhleb.
  2044 | D:3      | Noticed an Executioner
  2315 | D:4      | Found a sacrificial altar of Ru.
  2440 | D:4      | Reached skill level 9 in Maces & Flails
  2483 | D:4      | Found a glowing drain.
  2591 | Sewer    | Entered a sewer
  2612 | Sewer    | Reached skill level 10 in Maces & Flails
  2612 | Sewer    | Reached XP level 7. HP: 70/70 MP: 7/7
  2764 | Sewer    | Reached skill level 11 in Maces & Flails
  2878 | Sewer    | Acquired Trog's third power
  3006 | D:4      | Reached XP level 8. HP: 78/78 MP: 8/8
  3058 | D:5      | Entered Level 5 of the Dungeon
  3071 | D:5      | Reached skill level 12 in Maces & Flails
  3715 | D:4      | Found a stormy altar of Qazlal.
  4025 | D:5      | Reached skill level 13 in Maces & Flails
  4426 | D:5      | Found a shattered altar of Ashenzari.
  5059 | D:5      | Reached skill level 14 in Maces & Flails
  5089 | D:6      | Noticed Ordine's ghost (experienced GrWz)
  5266 | D:6      | Killed Ordine's ghost
  5266 | D:6      | Reached XP level 9. HP: 45/84 MP: 9/9
  5440 | D:6      | Reached skill level 15 in Maces & Flails
  5681 | D:6      | Found a snail-covered altar of Cheibriados.
  5725 | D:6      | Received a gift from Trog
  6084 | D:6      | Reached skill level 16 in Maces & Flails
  6105 | D:6      | Noticed Prince Ribbit
  6114 | D:6      | Killed Prince Ribbit
  6163 | D:6      | Found a glowing silver altar of Zin.
  7027 | D:7      | Reached XP level 10. HP: 92/92 MP: 10/10
  7056 | D:7      | Noticed an ice statue
  7124 | D:7      | Reached skill level 17 in Maces & Flails
  7151 | D:7      | Found a staircase to the Ecumenical Temple.
  7324 | D:7      | Noticed LordVetinari's ghost (experienced DEWz)
  7336 | D:7      | Killed LordVetinari's ghost
  7636 | D:8      | Found a sand-covered staircase.
  7669 | Ossuary  | Entered an ossuary
  8060 | D:7      | Reached skill level 18 in Maces & Flails
  8332 | D:8      | Found a deep blue altar of Sif Muna.
  8456 | D:8      | Found a snail-covered altar of Cheibriados.
  8669 | D:8      | Found a white marble altar of Elyvilon.
  8688 | D:8      | HP: 4/92 [poisoned by a wasp]
  8693 | D:8      | HP: 3/92 [poisoned by a wasp]
  8698 | D:8      | HP: 3/92 [poisoned by a wasp]
  8961 | D:8      | Noticed a manticore
  8977 | D:8      | Killed a manticore
  9090 | D:8      | Reached skill level 19 in Maces & Flails
  9343 | D:9      | Found a staircase to the Lair.
  9462 | D:8      | HP: 3/93 [wolf[Grum] (5)]
  9726 | D:9      | Noticed Grum
  9741 | D:8      | Received a gift from Trog
  9742 | D:8      | Got an ichor-stained giant club {god gift}
  9747 | D:8      | Identified the +5 giant club of Demonkind {crush, rElec} (Trog gifted it to you on level 8 of the Dungeon)
  9791 | D:8      | Reached skill level 5 in Fighting
  9973 | D:9      | Killed Grum
  9973 | D:9      | Reached XP level 11. HP: 75/104 MP: 11/11
 10492 | D:9      | Found a staircase to the Orcish Mines.
 10501 | Orc:1    | Entered Level 1 of the Orcish Mines
 10713 | D:9      | Found a radiant altar of Vehumet.
 10713 | D:9      | Found a shadowy altar of Dithmenos.
 10713 | D:9      | Found a shimmering altar of Xom.
 10713 | D:9      | Found a shattered altar of Ashenzari.
 10969 | D:10     | Entered Level 10 of the Dungeon
 10980 | D:9      | Reached skill level 5 in Dodging
 11052 | D:10     | Noticed a hill giant
 11058 | D:10     | Killed a hill giant
 11375 | D:10     | Noticed Maud
 11386 | D:10     | Killed Maud
 12056 | D:11     | Reached skill level 10 in Fighting
 12069 | D:11     | Reached XP level 12. HP: 119/126 MP: 12/12
 12697 | D:12     | Received a gift from Trog
 12712 | D:12     | Found an iron altar of Okawaru.
 12836 | D:12     | Noticed a five-headed hydra
 12842 | D:12     | Killed a five-headed hydra
 12922 | D:12     | Found Jivvibbe's Assorted Antiques.
 12930 | D:12     | Bought a bubbling red potion for 21 gold pieces
 12930 | D:12     | Bought 2 scrolls of identify for 96 gold pieces
 12930 | D:12     | Bought a scroll of magic mapping for 84 gold pieces
 12930 | D:12     | Bought a scroll labeled YMIGRE AJINA for 24 gold pieces
 12930 | D:12     | Bought a smoky orange potion for 21 gold pieces
 13114 | D:12     | Gained mutation: Potions and wands are less effective at restoring your health. [potion of mutation]
 13114 | D:12     | Gained mutation: You are clumsy. (Dex -2) [potion of mutation]
 13115 | D:12     | Lost mutation: You are clumsy. (Dex -2) [potion of cure mutation]
 13115 | D:12     | Lost mutation: Potions and wands are less effective at restoring your health. [potion of cure mutation]
 13118 | D:12     | Gained mutation: You are agile. (Dex +2) [potion of beneficial mutation]
 13119 | D:12     | Gained mutation: Your system is resistant to poisons. [potion of beneficial mutation]
 14313 | D:14     | Noticed a vault guard
 14314 | D:14     | Noticed a vault guard
 14321 | D:14     | Noticed a vault guard
 14322 | D:14     | Noticed a vault guard
 14445 | D:9      | Received a gift from Trog
 14452 | Lair:1   | Entered Level 1 of the Lair of Beasts
 14463 | Lair:1   | Identified a scroll of acquirement
 14661 | Lair:1   | Noticed a four-headed hydra
 14665 | Lair:1   | Killed a four-headed hydra
 15441 | Lair:1   | Reached XP level 13. HP: 144/144 MP: 13/13
 15523 | Lair:2   | Reached skill level 10 in Dodging
 15539 | Lair:2   | Found an opulent altar of Gozag.
 16267 | Lair:3   | Noticed Nergalle
 16287 | Lair:3   | Killed Nergalle
 16323 | Lair:3   | Found a staircase to the Swamp.
 16385 | Lair:3   | Noticed Harold
 16419 | Lair:3   | Killed Harold
 16419 | Lair:3   | Received a gift from Trog
 16424 | Lair:3   | Found a labyrinth entrance.
 16433 | Lab      | Entered a labyrinth
 16753 | Lab      | Noticed a minotaur
 16760 | Lab      | Killed a minotaur
 16775 | Lab      | Got a scorched quarterstaff
 16775 | Lab      | Got an ancient robe
 16804 | Lair:3   | Identified the +2 robe "Esae" {Dex+3} (You found it in a labyrinth)
 16840 | Lair:3   | Identified the +8 quarterstaff of Darkness {flame, *Rage +Blink Str+2 Int+6} (You found it in a labyrinth)
 16874 | Lair:3   | Noticed Snorg
 16899 | Lair:3   | Killed Snorg
 16899 | Lair:3   | Reached skill level 15 in Fighting
 17227 | Lair:3   | Received a gift from Trog
 17460 | Lair:4   | Noticed Urug
 17477 | Lair:4   | Killed Urug
 17543 | Lair:4   | Reached skill level 1 in Throwing
 18188 | Lair:5   | Reached XP level 14. HP: 161/161 MP: 14/14
 18477 | Lair:5   | Reached skill level 5 in Throwing
 18486 | Lair:5   | Received a gift from Trog
 19160 | Lair:6   | Found a staircase to the Slime Pits.
 19160 | Lair:6   | Found a viscous altar of Jiyva.
 19427 | Lair:6   | Found a staircase to the Snake Pit.
 19845 | Lair:7   | Noticed an acid blob
 19849 | Lair:7   | Killed an acid blob
 19928 | Lair:7   | Got a bone battleaxe
 19929 | Lair:7   | Identified the +7 battleaxe "Belorr" {pain, rPois MR+} (You found it on level 7 of the Lair of Beasts)
 19996 | Lair:7   | Found a dark tunnel.
 20018 | Volcano  | Entered a volcano
 20181 | Volcano  | Found a bloodstained altar of Trog.
 20795 | Lair:7   | Received a gift from Trog
 21276 | Lair:8   | Entered Level 8 of the Lair of Beasts
 21276 | Lair:8   | Noticed Hanibal's ghost (powerful KoBe)
 21278 | Lair:8   | Noticed Kirke
 21436 | Lair:8   | Killed Kirke
 21436 | Lair:8   | Reached skill level 10 in Throwing
 21438 | Lair:8   | Killed Hanibal's ghost
 21522 | Lair:8   | Received a gift from Trog
 21531 | Lair:8   | Reached XP level 15. HP: 174/174 MP: 12/15
 21665 | Lair:8   | Received a gift from Trog
 21873 | Lair:8   | Received a gift from Trog
 21905 | Lair:8   | Reached skill level 1 in Evocations
 22881 | Lair:1   | Lost mutation: You are agile. (Dex +2) [helix card]
 23204 | Orc:2    | Received a gift from Trog
 23229 | Orc:2    | Received a gift from Trog
 23539 | Orc:2    | Drew Focus: Str increased to 27, Int decreased to 5
 23541 | Orc:2    | Drew Focus: Str increased to 28, Int decreased to 4
 23561 | Orc:2    | Drew Focus: Str increased to 29, Int decreased to 3
 23579 | Orc:2    | Found Aoxzuwn's Alliterative Accessories.
 23731 | Orc:4    | Entered Level 4 of the Orcish Mines
 23732 | Orc:4    | Found a staircase to the Elven Halls.
 23808 | Orc:4    | Found Hopluergh's Antique Armour Shop.
 23846 | Orc:4    | Received a gift from Trog
 23927 | Orc:4    | Got a crude giant club {god gift}
 23928 | Orc:4    | Identified the +6 giant club of Taxaaschu {venom, +Inv rPois Str-5} (Trog gifted it to you on level 4 of the Orcish Mines)
 24010 | Orc:4    | Found Ciupenul's Jewellery Boutique.
 24067 | Orc:4    | Bought a cursed ring of loudness for 58 gold pieces
 24088 | Orc:4    | Bought a runed cloak for 130 gold pieces
 24263 | Orc:4    | Found Tapsitoxt's Weapon Emporium.
 24263 | Orc:4    | Found Ykkeshue's Book Shop.
 24264 | Orc:4    | Found Estrobom's Antique Armour Shop.
 24264 | Orc:4    | Found Zohuodghe's Gadget Shoppe.
 25201 | Elf:1    | Entered Level 1 of the Elven Halls
 25213 | Orc:4    | Received a gift from Trog
 25388 | Elf:1    | Received a gift from Trog
 25388 | Elf:1    | Reached skill level 5 in Evocations
 25471 | Elf:1    | Reached XP level 16. HP: 149/188 MP: 14/19
 25525 | Elf:1    | Found Quan's General Store.
 25572 | Elf:1    | Got a heavily runed amethyst amulet
 25574 | Elf:1    | Identified the amulet "Mufexuur" {rMut Str+3} (You found it on level 1 of the Elven Halls)
 25715 | Elf:1    | Got a smoking cloak
 25726 | Elf:1    | Identified the -5 cloak "Keadosm" {+Inv rPois rC- Str+9} (You acquired it on level 1 of the Elven Halls)
 25863 | Elf:1    | Reached skill level 20 in Maces & Flails
 25901 | Elf:1    | Found Orufef's Quality Used Wands.
 26047 | Elf:1    | Received a gift from Trog
 26048 | Elf:1    | Got a polished giant club {god gift}
 26049 | Elf:1    | Identified the +2 giant club "Grim Tooth" {flame, rElec} (Trog gifted it to you on level 1 of the Elven Halls)
 26866 | Elf:2    | Found Duol's Magic Scroll Boutique.
 26871 | Elf:2    | Bought a scroll of vulnerability for 150 gold pieces
 26871 | Elf:2    | Bought a scroll of acquirement for 1040 gold pieces
 26988 | Elf:2    | Found a huge runed gate.
 26988 | Elf:2    | Found a huge runed gate.
 26988 | Elf:2    | Found a huge runed gate.
 26988 | Elf:2    | Found a huge runed gate.
 26988 | Elf:2    | Found a huge runed gate.
 27424 | Elf:2    | Reached skill level 21 in Maces & Flails
 27739 | Elf:3    | Entered Level 3 of the Elven Halls
 27739 | Elf:3    | Found Kakuxt's Book Emporium.
 27751 | Elf:3    | Received a gift from Trog
 27846 | Elf:3    | Found Semothru's Antique Armour Emporium.
 27849 | Elf:3    | Found Daha's Book Shoppe.
 27897 | Elf:3    | Bought a colourful robe for 233 gold pieces
 27907 | Elf:3    | Identified the +2 robe "Ruicvuku" {+Blink rPois Str+5} (You bought it in a shop on level 3 of the Elven Halls)
 28033 | Elf:3    | Gained mutation: Your muscles are strong. (Str +2) [a cacodemon]
 28078 | Elf:3    | Reached XP level 17. HP: 88/196 MP: 13/22
 28312 | Elf:3    | Found Mace's Jewellery Emporium.
 28363 | Elf:3    | Found Xyburch's Book Boutique.
 28409 | Elf:3    | Received a gift from Trog
 28409 | Elf:3    | Reached skill level 22 in Maces & Flails
 28499 | Elf:3    | Lost mutation: Your muscles are strong. (Str +2) [helix card]
 28499 | Elf:3    | Gained mutation: You have a beak for a mouth. [helix card]
 28501 | Elf:3    | Lost mutation: Your system is resistant to poisons. [helix card]
 28583 | Elf:3    | Noticed a deep elf master archer
 28644 | Elf:3    | Noticed a deep elf blademaster
 28655 | Elf:3    | Killed a deep elf blademaster
 28658 | Elf:3    | Received a gift from Trog
 28659 | Elf:3    | Got a scorched giant spiked club {god gift}
 28660 | Elf:3    | Identified the +4 giant spiked club of Ysadi {freeze, rPois SInv} (Trog gifted it to you on level 3 of the Elven Halls)
 28668 | Elf:3    | Noticed a deep elf master archer
 28700 | Elf:3    | Killed a deep elf master archer
 28910 | Elf:3    | Noticed a deep elf blademaster
 28936 | Elf:3    | Killed a deep elf master archer
 29140 | Elf:3    | Killed a deep elf blademaster
 29347 | Elf:3    | Got a jewelled dire flail {venom}
 29348 | Elf:3    | Identified the cursed +0 dire flail of Foul Odors {venom, Int+7} (You took it off a deep elf annihilator on level 3 of the Elven Halls)
 29367 | Elf:3    | Drew Focus: Str increased to 30, Int decreased to 2
 29375 | Elf:3    | Lost mutation: You have a beak for a mouth. [helix card]
 29375 | Elf:3    | Gained mutation: Scrolls take you a little longer to read. [helix card]
 29397 | Elf:3    | Got a twisted whip
 29429 | Elf:3    | Identified the +10 whip of Ru {slash, rN++} (You found it on level 3 of the Elven Halls)
 29467 | Elf:3    | Got an ancient blowgun
 29468 | Elf:3    | Identified the +8 blowgun "Jellyslayer" {speed, rPois rC+ Int+2} (You found it on level 3 of the Elven Halls)
 29544 | Elf:3    | Reached skill level 23 in Maces & Flails
 29940 | Swamp:1  | Entered Level 1 of the Swamp
 29999 | Swamp:1  | Noticed Aizul
 30014 | Swamp:1  | Killed Aizul
 30036 | Swamp:1  | Gained mutation: You can breathe flames. [mutagenic meat]
 30037 | Swamp:1  | Gained mutation: Armour fits poorly on your strangely shaped body. [mutagenic meat]
 30038 | Swamp:1  | Gained mutation: Your muscles are strong. (Str +2) [mutagenic meat]
 30039 | Swamp:1  | Gained mutation: You evolve. [mutagenic meat]
 30205 | Lair:1   | Lost mutation: Scrolls take you a little longer to read. [potion of cure mutation]
 30205 | Lair:1   | Lost mutation: Armour fits poorly on your strangely shaped body. [potion of cure mutation]
 30205 | Lair:1   | Lost mutation: Your muscles are strong. (Str +2) [potion of cure mutation]
 30205 | Lair:1   | Lost mutation: You can breathe flames. [potion of cure mutation]
 30343 | Swamp:1  | Noticed Nikola
 30357 | Swamp:1  | Killed Nikola
 30978 | Swamp:2  | Received a gift from Trog
 31034 | Swamp:3  | Noticed a tentacled monstrosity
 31836 | Swamp:3  | Killed a tentacled monstrosity
 31836 | Swamp:3  | Reached XP level 18. HP: 160/206 MP: 14/25
 31856 | Swamp:3  | Reached skill level 24 in Maces & Flails
 32067 | Swamp:3  | Reached skill level 1 in Armour
 32678 | Swamp:4  | Entered Level 4 of the Swamp
 32694 | Swamp:4  | Reached skill level 10 in Evocations
 32779 | Swamp:4  | Got a fine glaive
 32780 | Swamp:4  | Identified the +5 glaive of the Enchanted Forest {speed, rF+ Stlth+} (You found it on level 4 of the Swamp)
 32888 | Swamp:4  | Received a gift from Trog
 33246 | Swamp:4  | Got a decaying rune of Zot
 33694 | Swamp:4  | Received a gift from Trog
 34181 | D:14     | Noticed a vault guard
 34185 | D:14     | Killed a vault guard
 34185 | D:14     | Reached skill level 5 in Armour
 34190 | D:14     | Killed a vault guard
 34197 | D:14     | Killed a vault guard
 34205 | D:14     | Noticed a vault guard
 34205 | D:14     | Killed a vault guard
 34209 | D:14     | Noticed a vault guard
 34217 | D:14     | Killed a vault guard
 34294 | D:14     | Killed a vault guard
 34305 | D:14     | Killed a vault guard
 34326 | D:14     | Found a gate to the Vaults.
 34335 | Vaults:1 | Entered Level 1 of the Vaults
 34396 | Vaults:1 | Received a gift from Trog
 34591 | Vaults:1 | Reached XP level 19. HP: 178/214 MP: 16/27
 34612 | Vaults:1 | HP: 5/214 [stone giant/large rock (39)]
 34620 | Vaults:1 | HP: 5/214 [yaktaur/bolt[a vault warden] (14)]
 34620 | Vaults:1 | Annihilated by a vault warden

Vault maps used:
D:1:      minmay_arrival_four_houses, st_stairs_13, patterned_corridor
D:2:      minmay_kobold_bridge, first_bread, uniq_crazy_yiuf_cottage
D:3:      bloody_trog, makhleb_altar_promises_db
D:4:      overflow_temple_1_default, nicolae_qazlal_eye_of_the_storm,
          gup_sewer_entry_glass, hex_large, kennysheep_generic_room_16
D:5:      basic_altar, kennysheep_cluttered_room
D:6:      kennysheep_kobold_camp, zin_statuary, basic_altar, uniq_prince_ribbit1
D:7:      lemuel_ice_statue, minmay_temple_entry_overgrown
D:8:      slow_altar_1, elyvilon_altar_4, led_sif_pool,
          nicolae_ossuary_entry_plus
D:9:      grunt_temple_overflow_cloverleaf, erik_lair_orcish_takeover,
          minmay_orc_entry_guard_dogs, blue_anna_alchemist, uniq_grum
D:10:     serial_undead, serial_undead_f, serial_undead_a, serial_undead_e,
          serial_undead_d, uniq_maud
D:12:     serial_shops, shop, basic_altar, serial_park_tiny_2
D:14:     erik_vaults_2, wad_floor_pattern_1, grunt_ministairs_12
Lair:1:   serial_forest, infiniplex_forest_straight_4,
          infiniplex_forest_side_room, infiniplex_forest_lined_room_,
          infiniplex_forest_clump_long, infiniplex_forest_zigzag_2,
          infiniplex_forest_lined_room_, infiniplex_forest_lined_corner,
          infiniplex_forest_lined_3, lemuel_fruit_fields, grunt_megastairs_2,
          lemuel_fruit_tree
Lair:2:   beast_lair_carwin_large_3, basic_altar, grunt_forest_stairs_clearing
Lair:3:   minmay_swamp_entry_worms, lab_entry_generic, uniq_nergalle,
          uniq_snorg, uniq_harold
Lair:4:   uniq_urug
Lair:5:   forest_paths, serial_bayou_pond_c, roderic_carrion_pond
Lair:6:   guppyfry_snake_entry_garden, slime_altar_1,
          infiniplex_staircase_pool_2
Lair:7:   nicolae_volcano_entry_lava_flow
Lair:8:   evilmike_catoblepas_cave, uniq_kirke
Swamp:1:  hangedman_swamp_cone, uniq_nikola, uniq_aizul
Swamp:2:  serial_swamp_ruin, evilmike_swamp_ruin_house_1,
          evilmike_swamp_ruin_house_5
Swamp:3:  evilmike_swamp_ruin_rubble_1
Swamp:4:  swamp
Orc:2:    nicolae_alphabet_shops
Orc:3:    serial_shops, shop, nicolae_orc_pool_cavern
Orc:4:    st_orc_ogre_mass, serial_shops, shop,
          nicolae_shop_competitors_out_of_business
Elf:1:    elf_arrival_002, serial_shops,
          nicolae_shop_temple_entry_statues_fountains,
          hangedman_elven_crosses_minicolossus, nicolae_for_you_no_charge
Elf:2:    serial_shops, shop_statue, nicolae_trove_entry_columns
Elf:3:    minmay_elf_hall_dome, serial_shops, nicolae_shop_trees, shop,
          shop_fountains, nicolae_shop_temple_entry_statues_fountains, shop,
          minmay_strange_pillars
Vaults:1: st_eye, vaults_mumra_hex, v_misc_24, v_misc_9, vaults_room_fours,
          nicolae_vaults_windows_and_doors_thing, nicolae_vaults_triangles,
          grunt_vaults_diagonal, v_pattern_1, v_misc_24,
          nicolae_vaults_ring_of_whatevers, serial_ice_m
Lab:      labyrinth_spiral, lab_block, nicolae_lab_plus, nicolae_lab_do_over
Sewer:    kennysheep_pipe_town
Ossuary:  ossuary_zaba_two_paths
Volcano:  volcano_lake

Action                   |  1- 3 |  4- 6 |  7- 9 | 10-12 | 13-15 | 16-18 | 19-21 || total
-------------------------+-------+-------+-------+-------+-------+-------+-------++-------
Melee: Mace              |    49 |   199 |   278 |       |       |       |       ||   526
       Giant spiked club |       |       |     9 |       |       |   566 |    14 ||   589
       Giant club        |       |       |   144 |   674 |  1129 |   315 |       ||  2262
Throw: Large rock        |       |       |       |     7 |    21 |    86 |       ||   114
Invok: Berserk           |     1 |     6 |     8 |    13 |     7 |     3 |       ||    38
       Trog's Hand       |       |       |     1 |       |       |       |       ||     1
       Burn Spellbooks   |       |       |     1 |     2 |     4 |     5 |       ||    12
       Brothers in Arms  |       |       |       |       |       |     8 |       ||     8
Evoke: Deck              |       |       |       |       |    16 |    19 |       ||    35
       Wand              |       |       |       |       |     1 |     2 |       ||     3
       Fan of gales      |       |       |       |       |       |     1 |       ||     1
  Use: Scroll            |       |       |     7 |    25 |     9 |    11 |     4 ||    56
       Potion            |       |       |     6 |    15 |     2 |     7 |     2 ||    32
 Stab: Sleeping          |     1 |     1 |       |       |     2 |       |       ||     4
       Distracted        |       |       |       |       |     1 |       |       ||     1
       Confused          |       |       |       |       |       |     2 |       ||     2
  Eat: Chunk             |     1 |    11 |    21 |    30 |    38 |    19 |       ||   120
       Fruit             |       |       |     1 |     5 |     2 |     4 |       ||    12
       Beef jerky        |       |       |     1 |     2 |     1 |     1 |       ||     5
       Meat ration       |       |       |       |     1 |       |     3 |       ||     4
       Bread ration      |       |       |       |       |     1 |     1 |       ||     2
       Pizza             |       |       |       |       |       |     1 |       ||     1
       Royal jelly       |       |       |       |       |       |     1 |       ||     1
